 Dungeon Crawl Stone Soup version 0.32-a0-290-g598725c5f2 (webtiles) character file.

Game seed: 5641266811761606213

1349 Dittersdorf the Trooper (level 8, -3/52 HPs)
             Began as a Gargoyle Fighter on Feb 13, 2024.
             Was an Initiate of Gozag.
             Slain by an ogre
             ... wielding a +0 giant club
              (13 damage)
             ... on level 5 of the Dungeon.
             The game lasted 00:06:28 (4447 turns).

Dittersdorf the Trooper (Gargoyle Fighter)          Turns: 4447, Time: 00:06:29

Health: -3/52      AC: 18    Str: 21    XL:     8   Next: 63%
Magic:  8/8        EV:  8    Int: 16    God:    Gozag
Gold:   184        SH:  5    Dex:  9    Spells: 7/7 levels left

rFire   + . .        k - +8 flail "Ameixtue" {venom, rF+}
rCold   . . .        c - +0 buckler
rNeg    + . .        j - +1 chain mail
rPois   ∞            (no helmet)
rElec   +            f - +0 cloak
rCorr   .            (no gloves)
SInv    .            (no boots)
Will    .....        (no amulet) Stlth
                     o - +6 ring of intelligence
HPRegen 0.28/turn    b - +4 ring of slaying
MPRegen 0.11/turn

%: no passive effects
@: gold aura
A: sickness immunity, AC +5, negative energy resistance 1, electricity
resistance, torment resistance 1, petrification resistance
a: Renounce Religion, Potion Petition, Call Merchant, Bribe Branch


You were on level 5 of the Dungeon.
You worshipped Gozag.
Gozag was aware of your devotion.
You visited 2 branches of the dungeon, and saw 6 of its levels.
You also visited: Sewer.

You collected 282 gold pieces.
You paid 98 gold pieces to Gozag.

Inventory:

Hand Weapons
 a - a +0 flail
 k - the +8 flail "Ameixtue" (weapon) {venom, rF+}
   (You found it on level 4 of the Dungeon)

   rF+:       It protects you from fire.
Armour
 c - a +0 buckler (worn)
 f - a +0 cloak (worn)
 j - a +1 chain mail (worn)
 q - a +0 plate armour
Magical Staves
 u - a staff of earth
Jewellery
 b - a +4 ring of slaying (right hand)
 l - the ring of Hozovus {Ice Str+2 Int+3 Dex+6}
   (You found it in a sewer)

   [ring of ice]

   Ice:       It enhances your ice magic.
   Str+2:     It affects your strength (+2).
   Int+3:     It affects your intelligence (+3).
   Dex+6:     It affects your dexterity (+6).
   rF-:       It makes you vulnerable to fire.
   rC+:       It protects you from cold.
 o - a +6 ring of intelligence (left hand)
Wands
 p - a wand of iceblast (9) (quivered)
 v - a wand of flame (44)
Scrolls
 g - 4 scrolls of blinking
 h - a scroll of enchant armour
 m - a scroll of revelation
 r - a scroll of fear
Potions
 d - a potion of might
 e - 3 potions of degeneration
 i - a potion of curing {unknown}
 n - a potion of berserk rage {unknown}
 s - 2 potions of heal wounds {unknown}
 t - a potion of ambrosia {unknown}


   Skills:
 + Level 6.5 Fighting
 + Level 5.4 Maces & Flails
 + Level 6.5 Armour
 + Level 6.4 Shields


You had 7 spell levels left.
You didn't know any spells.
Your spell library contained the following spells:

 Spells                   Type           Power      Damage    Failure   Level
 Freeze                   Ice            0%         1d3       88%         1
 Magic Dart               Conj           0%         1d3       88%         1
 Blink                    Tloc           0%         N/A       95%         2
 Call Imp                 Summ           0%         N/A       95%         2
 Jinxbite                 Hex            0%         N/A       95%         2
 Frozen Ramparts          Ice            0%         1d1       99%         3
 Hailstorm                Conj/Ice       0%         3d5       99%         3
 Summon Ice Beast         Ice/Summ       0%         N/A       99%         3
 Dispel Undead            Necr           0%         3d6       100%        4
 Martyr's Knell           Necr/Summ      0%         N/A       100%        4
 Summon Mana Viper        Hex/Summ       0%         N/A       100%        5
 Yara's Violent Unravell  Hex/Alch       0%         3d3       100%        5
 Death Channel            Necr           0%         N/A       100%        6
 Enfeeble                 Hex            0%         N/A       100%        7
 Monstrous Menagerie      Summ           0%         N/A       100%        7
 Cigotuvi's Dreadful Rot  Necr/Alch/Air  Unusable   N/A       N/A         2

Dungeon Overview and Level Annotations

Branches:
Dungeon (5/15)             Temple (1/1) D:5           Sewer (visited)

Altars:
Ashenzari
Cheibriados
Dithmenos
Elyvilon
Fedhas
Gozag
Kikubaaqudgha
Nemelex Xobeh
Qazlal
Ru
Sif Muna
Trog
Vehumet
Wu Jian
Xom
Yredelemnul
Zin

Shops:
D:3 *(?((   D:5 *


Innate Abilities, Weirdness & Mutations

You are immune to sickness and miasma.
Your stone body is resilient. (AC +5)
You are immune to poison.
You resist negative energy. (rN+)
You are resistant to electric shocks. (rElec)
You are resistant to unholy torment.
You are immune to petrification.


Message History

The orc priest shouts!
An orc comes into view. It is wielding a +0 morningstar.
An orc priest comes into view. It is wielding a +0 hand axe.
The orc priest shouts!
The orc priest invokes the aid of Beogh against you.
Beogh smites you!
The orc priest invokes the aid of Beogh against you.
Beogh smites you! The ogre closely misses you.
You sock the ogre!
The ogre is poisoned.
The ogre is moderately wounded.
You sock the ogre!
The ogre is severely wounded.
The ogre hits you with a +0 giant club!!
* * * LOW HITPOINT WARNING * * *
An orc comes into view. It is wielding a +0 flail.
You are too injured to fight recklessly!
You are too injured to fight recklessly!
You are too injured to fight recklessly!
You are too injured to fight recklessly!
You are too injured to fight recklessly!
You are too injured to fight recklessly!
You are too injured to fight recklessly!
You are too injured to fight recklessly!
You are too injured to fight recklessly!
You are too injured to fight recklessly!
The orc shouts!
There is an open door here.
The orc priest invokes the aid of Beogh against you.
Pain shoots through your body!
* * * LOW HITPOINT WARNING * * *
You block the orc priest's attack.
There is an open door here.
You thump the orc priest!
The orc priest is heavily wounded.
The orc priest barely misses you.
You bludgeon the orc priest!!
You kill the orc priest!
The ogre hits you with a +0 giant club!
You die...
Your body crumbles into a pile of gold.

*.............+................#.
*#.......##...##...##.........##.
*#.......##+####...##.........##.
,,,,,,,,,,+........'.............
,,,,,,,,,>#........#.............
,,,,,,,,,,#........##....##......
,,,>,,,,,,#........##..[.##......
**,,,,,.,,#..............#....#..
*,,,,,..##...##@####....+.......
**,,,,,....##*##$O.##....####.†>.
,,,,**,*#...**#.o..#.....##......
,,*,,*,*,,#..##o...#,,,......⌠.⌠.
,,**,,,,,*#...o."..#,,,......ß.ß.
,,,,,,_.......#....#,,,..........
,,**,,,..##..###...#*,,..##...###
,,*,,*,*,,#o.* #####***##*####*
,,,,**,**...**


You could see an ogre (very poisoned), an orc priest and 2 orcs.

Vanquished Creatures
  Pikel (D:5)
  Sigmund (D:4)
  Edmund (D:3)
  A lemure (D:5)
  2 bullfrogs (Sewer)
  3 bombardier beetles
  2 hounds (D:5)
  An orc priest (D:5)
  Ijyb (D:3)
  A sleepcap (D:5)
  5 adders
  8 dart slugs
  5 orcs
  13 ball pythons
  15 endoplasms
  5 giant cockroaches
  11 goblins
  8 hobgoblins
  2 jackals (D:2)
  3 kobolds (D:2)
  3 quokkas
  10 bats
  24 frilled lizards
  9 rats
135 creatures vanquished.

Notes
Turn   | Place    | Note
-------+----------+-------------------------------------------
     0 | D:1      | Dittersdorf the Gargoyle Fighter began the quest for the
                  | Orb.
     0 | D:1      | Reached XP level 1. HP: 14/14 MP: 1/1
    46 | D:1      | Reached XP level 2. HP: 19/19 MP: 2/2
   241 | D:1      | Reached XP level 3. HP: 23/23 MP: 3/3
   343 | D:1      | Found a faded altar of an unknown god.
   629 | D:2      | You fall into a shaft and drop 2 floors!
   655 | D:4      | Identified the +8 flail "Ameixtue" {venom, rF+}
   692 | D:4      | Found a blossoming altar of Fedhas.
   973 | D:2      | Reached XP level 4. HP: 29/29 MP: 4/4
  1685 | D:3      | Found Cagre's Weapon Shoppe.
  1704 | D:3      | Noticed Ijyb
  1707 | D:3      | Reached XP level 5. HP: 24/33 MP: 5/5
  1715 | D:3      | Killed Ijyb
  1790 | D:3      | Found Jodysket's Magic Scroll Shoppe.
  2129 | D:3      | Found Ixes's Weapon Boutique.
  2358 | D:3      | Found Nyic's Antique Weapon Boutique.
  2429 | D:3      | Found Kacerch's General Store.
  2903 | D:4      | Noticed Edmund
  2904 | D:4      | Noticed Sigmund
  3146 | D:3      | Killed Edmund
  3147 | D:3      | Reached XP level 6. HP: 29/40 MP: 6/6
  3200 | D:4      | Killed Sigmund
  3201 | D:4      | Reached skill level 5 in Fighting
  3201 | D:4      | Reached skill level 5 in Armour
  3201 | D:4      | Reached skill level 5 in Shields
  3201 | D:4      | Reached XP level 7. HP: 41/44 MP: 7/7
  3667 | D:5      | Entered Level 5 of the Dungeon
  3827 | D:5      | Found a glowing drain.
  3842 | Sewer    | Entered a sewer
  4130 | Sewer    | Reached XP level 8. HP: 31/51 MP: 8/8
  4206 | Sewer    | Identified the ring of Hozovus {Ice Str+2 Int+3 Dex+6}
  4255 | D:5      | Found a staircase to the Ecumenical Temple.
  4259 | D:5      | Noticed Pikel
  4270 | D:5      | Killed Pikel
  4271 | D:5      | Reached skill level 5 in Maces & Flails
  4366 | Temple   | Entered the Ecumenical Temple
  4372 | Temple   | Became a worshipper of Gozag Ym Sagoz the Greedy
  4386 | D:5      | Found Wetomp's Assorted Antiques.
  4447 | D:5      | Slain by an ogre

Illustrated notes

Levels and vault maps discovered:
D:1:      minmay_arrival_glassed_features, layout_loops_ring,
          chequers_ecumenical_altar_twisty
D:2:      layout_basic
D:3:      layout_basic, serial_shops, shop, nicolae_shop_tiny_waterfront, shop,
          shop, nicolae_lakefront_shop, uniq_ijyb
D:4:      cheibrodos_greedy_goblins, layout_cave_pools, fedhas_altar_1,
          serial_bayou, serial_bayou_pond_c, serial_bayou_pond_d,
          serial_bayou_lake_a, serial_bayou_lagoon_a, sigmund_edmund_badplayer,
          uniq_sigmund
D:5:      layout_gridville, mainiacjoe_overflow_small_starburst,
          minmay_temple_entry_drinking_statues,
          mainiacjoe_sewer_entry_somewhere_in_here_2, serial_shops,
          nicolae_lakefront_shop, kennysheep_generic_room_12, uniq_pikel
Temple:   nicolae_temple_x_marks_the_god

Skill      XL: |  1  2  3  4  5  6  7  8 |
---------------+-------------------------+-----
Armour         | 4 5 6 |  6.5
Fighting       | 4 5 6 |  6.5
Shields        | 4 5 6 |  6.4
Maces & Flails | 3 4 5 |  5.4

Action                     |  1- 3 |  4- 6 |  7- 9 || total
---------------------------+-------+-------+-------++-------
  Melee: Flail             |    29 |    67 |   172 ||   268
         Whip              |    33 |       |       ||    33
    Use: Scroll            |       |     2 |     8 ||    10
 Armour: Scale mail        |    21 |       |       ||    21
         Chain mail        |    33 |    46 |   181 ||   260
  Dodge: Dodged            |    30 |    25 |    97 ||   152
  Block: Buckler           |    11 |     9 |    40 ||    60

Table legend: (Time is in decaauts)
 A = Elapsed time spent in this place.
 B = Non-inter-level travel time spent in this place.
 C = Inter-level travel time spent in this place.
 D = Time resting spent in this place.
 E = Time spent auto-exploring this place.
 F = Levels seen in this place.
 G = Mean time per level.
                   A        B        C        D        E       F      G
               +--------+--------+--------+--------+--------+-----+--------+
         Total |   4608 |   4445 |    163 |    436 |   3017 |   7 |  658.3 |
       Dungeon |   4134 |   3971 |    163 |    369 |   2855 |   5 |  826.8 |
        Temple |     12 |     12 |      0 |      0 |      0 |   1 |   12.0 |
         Sewer |    462 |    462 |      0 |     67 |    161 |   1 |  462.0 |
               +--------+--------+--------+--------+--------+-----+--------+

Top non-repeatable levels by time:
     D:3: 1306 daAuts
     D:2: 939 daAuts
     D:4: 871 daAuts
     D:1: 609 daAuts
   Sewer: 462 daAuts
     D:5: 406 daAuts
  Temple: 12 daAuts
